 Dungeon Crawl Stone Soup version 0.29.1-2-gbd0b4ee654 (webtiles) character file.

Game seed: 17230868789217544749

402 Arcadio the Digger (level 6, -4/45 HPs)
             Began as a Draconian Earth Elementalist on Nov 16, 2022.
             Was an Initiate of Vehumet.
             Killed from afar by Dowan (23 damage)
             ... with a shard of ice
             ... on level 4 of the Dungeon.
             The game lasted 00:09:42 (3902 turns).

Arcadio the Digger (Draconian Earth Elementalist)   Turns: 3902, Time: 00:09:43

Health: -4/45      AC:  8    Str: 10    XL:     6   Next: 55%
Magic:  11/12      EV: 17    Int: 17    God:    Vehumet [......]
Gold:   196        SH:  0    Dex: 12    Spells: 7/13 levels left

rFire   . . .      SeeInvis .   m - +8 trident of the Octopus King {venom, rElec rPois}
rCold   . . .      Faith    .   (no shield)
rNeg    . . .      Spirit   .   (body armour unavailable)
rPois   +          Reflect  .   (helmet restricted)
rElec   +          Harm     .   (no cloak)
rCorr   .          Rampage  .   k - +0 pair of gloves
Will    .....                   w - +0 pair of boots
Stlth   ++........              (no amulet)
HPRegen 0.15/turn               s - +4 ring of evasion
MPRegen 0.13/turn               v - ring of flight

@: flying
A: AC +6, unfitting armour, cold-blooded
a: Renounce Religion


You were on level 4 of the Dungeon.
You worshipped Vehumet.
Vehumet was noncommittal.
You visited 1 branch of the dungeon, and saw 4 of its levels.

You collected 196 gold pieces.

Inventory:

Hand Weapons
 b - a +0 club
 e - a +0 short sword
 m - the +8 trident of the Octopus King (weapon) {venom, rElec rPois}
   (You found it on level 2 of the Dungeon)

   It poisons the flesh of those it strikes.
   rElec:     It insulates you from electricity.
   rPois:     It protects you from poison.
 u - a +5 short sword
Armour
 k - a +0 pair of gloves (worn)
 w - a +0 pair of boots (worn)
Jewellery
 s - a +4 ring of evasion (left hand)
 v - a ring of flight (right hand)
Scrolls
 d - a scroll of vulnerability {unknown}
 g - a scroll of enchant weapon {unknown}
 i - 2 scrolls of brand weapon {unknown}
 l - a scroll of amnesia {unknown}
 o - a scroll of noise {unknown}
 p - 2 scrolls of enchant armour {unknown}
 q - 2 scrolls of immolation {unknown}
 r - 2 scrolls of teleportation {unknown}
 x - 2 scrolls of butterflies {unknown}
 y - a scroll of silence {unknown}
Potions
 a - a potion of magic
 c - a potion of curing
 f - a potion of berserk rage
 h - 2 potions of heal wounds
 j - a potion of flight {unknown}
 t - a potion of might


   Skills:
 + Level 3.9 Dodging
 - Level 1.7 Stealth
 + Level 4.0 Spellcasting
 - Level 1.0 Transmutations
 + Level 4.9 Earth Magic


You had 7 spell levels left.
You knew the following spells:

 Your Spells              Type           Power      Damage    Failure   Level
a - Sandblast             Erth           40%        2d10      1%          1
b - Passwall              Tmut/Erth      10%        N/A       7%          2
c - Stone Arrow           Conj/Erth      22%        3d8       17%         3

Your spell library contained the following spells:

 Spells                   Type           Power      Damage    Failure   Level
 Beastly Appendage        Tmut           12%        N/A       11%         1
 Petrify                  Tmut/Erth      13%        N/A       41%         4
 Portal Projectile        Hex/Tloc       6%         N/A       43%         3
 Tukima's Dance           Hex            3%         N/A       43%         3
 Blade Hands              Tmut           3%         N/A       96%         5
 Summon Forest            Summ/Tloc      1%         N/A       99%         5
 Summon Mana Viper        Hex/Summ       3%         N/A       99%         5
 Summon Cactus Giant      Summ           1%         N/A       100%        6


Dungeon Overview and Level Annotations

Branches:
Dungeon (4/15) Zot: 20047
 Temple: D:4-7

Altars:
Vehumet

Annotations:
D:4 Dowan


Innate Abilities, Weirdness & Mutations

Your plain brown scales are hard. (AC +6)
You cannot fit into any form of body armour.
You are cold-blooded and may be slowed by cold attacks.


Message History

Duvessa closely misses you.
You puncture Duvessa!
Duvessa looks as sick as possible!
Duvessa is heavily wounded.
Duvessa barely misses you.
Dowan points at Duvessa and mumbles some strange words.
Duvessa seems to speed up.
You hit Duvessa.
Duvessa looks as sick as possible!
Duvessa is severely wounded.
Duvessa misses you.
Dowan gestures wildly while chanting.
Dowan blinks!
Duvessa hits you with a +0 short sword.
You closely miss Duvessa.
Your tail-slap misses Duvessa.
Duvessa is almost dead.
You kill Duvessa!
Vehumet accepts your kill.
Dowan's eyes darken. "You have made a black mistake."
Dowan seems to find hidden reserves of power!
Dowan zaps a wand.
The puff of flame hits you.
Your Spellcasting skill increases to level 4!
Dowan says, "Her death will not be in vain!"
Dowan zaps a wand.
The puff of flame hits you!
Things that are here:
a +0 short sword; a +0 leather armour; the elf corpse of Duvessa
Casting: Sandblast (safe; 1% risk of failure)
Confirm with . or Enter, or press ? or * to list all spells.
Okay, then.
Dowan zaps a wand.
The puff of flame hits you.
Dowan casts a spell.
Dowan blinks!
Dowan gestures wildly while chanting.
Dowan blinks!
You puncture Dowan!
Dowan is poisoned.
Dowan is moderately wounded.
Dowan zaps a wand.
The puff of flame hits you! Dowan hits you with a +0 dagger.
You hit Dowan.
Dowan looks as sick as possible!
Dowan is severely wounded.
Dowan points at you and mumbles some strange words.
The shard of ice hits you!!
Ouch! That really hurt!
You die...

#[.# #..# ##.#
##.# #..#
#..## .
###...####..
.?.
##.........#
.....
##...@.....##
.....
###)...e######
.....
#..###..#
?.... ####
#)## ..... #.#
..... #.#
..... #.##
..... ##..#
..>## ##...#


You could see Dowan (fast, extremely poisoned).

Vanquished Creatures
  Duvessa (D:4)
  A scorpion (D:4)
  A hound (D:4)
  An iguana (D:4)
  An orc wizard (D:4)
  6 gnolls (D:4)
  2 adders (D:3)
  An ufetubus (D:4)
  A worm (D:3)
  A dart slug (D:1)
  6 orcs
  10 ball pythons
  4 bats
  3 endoplasms
  3 giant cockroaches
  4 goblins
  4 hobgoblins
  3 jackals (D:1)
  2 quokkas
  5 frilled lizards
  8 kobolds
  10 rats
78 creatures vanquished.

Notes
Turn   | Place    | Note
-------+----------+-------------------------------------------
     0 | D:1      | Arcadio the Draconian Earth Elementalist began the quest
                  | for the Orb.
     0 | D:1      | Reached XP level 1. HP: 14/14 MP: 3/3
   208 | D:1      | Reached XP level 2. HP: 15/20 MP: 1/5
  1274 | D:2      | Found the +8 trident of the Octopus King {venom, rElec
                  | rPois}
  1342 | D:2      | Learned a level 2 spell: Passwall
  1383 | D:2      | Reached XP level 3. HP: 26/26 MP: 6/6
  1613 | D:2      | Found a faded altar of an unknown god.
  1624 | D:2      | Got Plato's Lessons on Changing
  1634 | D:2      | Learned a level 3 spell: Stone Arrow
  2253 | D:3      | Reached XP level 4. HP: 33/33 MP: 5/8
  2603 | D:4      | Found a radiant altar of Vehumet.
  2702 | D:4      | Became a worshipper of Vehumet
  2715 | D:4      | Reached XP level 5. HP: 33/38 MP: 9/9
  3098 | D:4      | Reached XP level 6. HP: 12/45 MP: 11/11
  3882 | D:4      | Noticed Duvessa
  3883 | D:4      | Noticed Dowan
  3896 | D:4      | Killed Duvessa
  3902 | D:4      | Killed from afar by Dowan

Illustrated notes

Levels and vault maps discovered:
D:1:      minmay_arrival_semitransparent, layout_basic
D:2:      layout_loops_ring, shapermc_ecumenical_altar_rom_forum
D:3:      minmay_spotlight, layout_rooms
D:4:      layout_layer_cave, mainiacjoe_overflow_six_doors_small, uniq_duvessa

Skill      XL: |  1  2  3  4  5  6 |
---------------+-------------------+-----
Dodging        | 2 3 |  3.9
Spellcasting   | 3 4 |  4.0
Earth Magic    | 4 |  4.9
Stealth        | |  1.7
Transmutations | |  1.0

Action                   |  1- 3 |  4- 6 || total
-------------------------+-------+-------++-------
Melee: Club              |     7 |       ||     7
       Tailslap          |     9 |     4 ||    13
       Short sword       |    19 |       ||    19
       Trident           |    45 |    62 ||   107
 Cast: Sandblast         |    31 |     3 ||    34
  Use: Scroll            |       |     6 ||     6
 Stab: Sleeping          |     2 |     3 ||     5
Armor: Skin              |    29 |    14 ||    43
Dodge: Dodged            |    84 |    70 ||   154
